 Dungeon Sprint DCSS version 0.22-a0-480-g991dd4b (webtiles) character file.

965 raistware the Carver (level 7, -2/50 HPs)
             Began as a Demonspawn Gladiator on June 15, 2018.
             Was a Believer of Makhleb.
             Shot with an arrow by a centaur warrior (7 damage)
             ... in the Dungeon (Sprint IX: "|||||||||||||||||||||||||||||").
             The game lasted 00:05:42 (345 turns).

raistware the Carver (Demonspawn Gladiator)          Turns: 345, Time: 00:05:42

Health: -2/50      AC: 13    Str: 16    XL:     7   Next: 93%
Magic:  0/13       EV: 10    Int: 13    God:    Makhleb [**....]
Gold:   0          SH:  0    Dex: 17    Spells: 6/6 levels left

rFire    . . .     SeeInvis .   a - +0 long sword
rCold    . . .     Gourm    .   (no shield)
rNeg     . . .     Faith    .   s - +1 chain mail
rPois    .         Spirit   +   q - +0 helmet
rElec    .         Reflect  .   (no cloak)
rCorr    .         Harm     .   r - +0 pair of gloves
MR       .....     NoTele   +   (no boots)
Stlth    ..........             (no amulet)
HPRegen  0.16/turn              b - +3 ring of dexterity
MPRegen  0.13/turn              c - +3 ring of intelligence

@: very slightly contaminated, invisible (expiring)
A: hooves 1, icy blue scales 1, magic shield
a: Minor Destruction, Renounce Religion


You were in the Dungeon.
You worshipped Makhleb.
Makhleb was pleased with you.
You were not hungry.

You visited 1 branch

Inventory:

Hand Weapons
 a - a +0 long sword (weapon)
 p - a +4 quarterstaff of speed
Missiles
 d - 3 throwing nets (quivered)
Armour
 q - a +0 helmet (worn)
 r - a +0 pair of gloves (worn)
 s - a +1 chain mail (worn)
Jewellery
 b - a +3 ring of dexterity (left hand)
 c - a +3 ring of intelligence (right hand)
Wands
 o - a wand of acid (7)
Scrolls
 k - 2 scrolls of blinking
 m - 3 scrolls of remove curse
 n - 2 scrolls of amnesia
Potions
 e - 3 potions of curing
 i - 4 potions of magic
Comestibles
 f - a ration
 l - a chunk of flesh


   Skills:
 - Level 2.0 Fighting
 * Level 12.8 Long Blades
 - Level 1.7 Throwing
 + Level 7.6 Dodging
 - Level 8.5 Invocations


You had 6 spell levels left.
You didn't know any spells.
Your spell library was empty.

Dungeon Overview and Level Annotations

Branches:
Dungeon (1/1)

Altars:
Cheibriados
Dithmenos
Elyvilon
Fedhas
Gozag
Hepliaklqana
Kikubaaqudgha
Makhleb
Nemelex Xobeh
Okawaru
Qazlal
Ru
Sif Muna
Trog
Uskayaw
Vehumet
Wu Jian
Xom
Yredelemnul
Zin
The Shining One
Beogh
Jiyva
Lugonu


Innate Abilities, Weirdness & Mutations

You have large cloven feet.
You are partially covered in icy blue scales. (AC +2)
When hurt, damage is shared between your health and your magic reserves.


Message History

Aiming: Corrosive Bolt
Press: ? - help, Shift-Dir - straight line, f - centaur warrior
Aim: a centaur warrior, wielding a shortbow and wearing a centaur barding (moderately wounded, covered in acid)
The bolt of acid hits the centaur warrior.
The centaur warrior is splashed with acid.
The acid corrodes the centaur warrior!
The centaur warrior is heavily wounded.
You flicker for a moment.
The centaur warrior shoots an arrow.
The arrow hits you.
* * * LOW HITPOINT WARNING * * *
Evoke which item? (* to show all) (? for menu, Esc to quit)
Aiming: Corrosive Bolt
Press: ? - help, Shift-Dir - straight line, f/p - centaur warrior
Aim: a centaur warrior, wielding a shortbow and wearing a centaur barding (heavily wounded, covered in acid)
The bolt of acid hits the centaur warrior.
The centaur warrior is splashed with acid.
The acid corrodes the centaur warrior!
The centaur warrior is almost dead.
The centaur warrior shoots an arrow.
The arrow hits you!
You die...

▓+▓
▓.▓
▓c▓
▓)▓
▓(▓
▓@▓
▓)▓
▓(▓
▓.▓
▓.▓
▓(▓
▓.▓
▓.▓
▓.▓


You could see a centaur warrior.

Vanquished Creatures
  A deep elf mage (D)
  A cyclops (D)
  An orc warrior (D)
  A scorpion (D)
  A howler monkey (D)
  2 quasits (D)
  An adder (D)
  2 ball pythons (D)
  A bat zombie (D)
  A giant cockroach (D)
  A jackal (D)
  A bat (D)
  A giant cockroach zombie (D)
  A kobold (D)
  A leopard gecko skeleton (D)
  A rat (D)
18 creatures vanquished.

Vanquished Creatures (others)
  A tengu warrior (D)
  An orc warrior (D)
  A howler monkey (D)
3 creatures vanquished.

Grand Total: 21 creatures vanquished

Notes
Turn   | Place    | Note
-------+----------+-------------------------------------------
     0 | D        | raistware the Demonspawn Gladiator began the quest for the Orb.
     0 | D        | Reached XP level 1. HP: 16/16 MP: 1/1
     5 | D        | Reached skill level 3 in Long Blades
    12 | D        | Reached skill level 4 in Long Blades
    38 | D        | Noticed a howler monkey
    38 | D        | Noticed a scorpion
    48 | D        | Killed a scorpion
    48 | D        | Reached skill level 7 in Long Blades
    48 | D        | Gained mutation: You are partially covered in icy blue scales. (AC +2) [demonic ancestry]
    48 | D        | Reached XP level 2. HP: 17/22 MP: 2/2
    48 | D        | Reached XP level 3. HP: 21/27 MP: 3/3
    55 | D        | Reached skill level 8 in Long Blades
    55 | D        | Gained mutation: When hurt, damage is shared between your health and your magic reserves. [demonic ancestry]
    55 | D        | Reached XP level 4. HP: 17/33 MP: 4/4
    65 | D        | Found a roughly hewn altar of Beogh.
    65 | D        | Found a snail-covered altar of Cheibriados.
    65 | D        | Found a shadowy altar of Dithmenos.
    65 | D        | Found a white marble altar of Elyvilon.
    65 | D        | Found a blossoming altar of Fedhas.
    65 | D        | Found an opulent altar of Gozag.
    66 | D        | Found a hazy altar of Hepliaklqana.
    67 | D        | Found a viscous altar of Jiyva.
    68 | D        | Found an ancient bone altar of Kikubaaqudgha.
    69 | D        | Found a corrupted altar of Lugonu.
    70 | D        | Found a burning altar of Makhleb.
    71 | D        | Found a sparkling altar of Nemelex Xobeh.
    72 | D        | Found an iron altar of Okawaru.
    73 | D        | Found a stormy altar of Qazlal.
    74 | D        | Found a sacrificial altar of Ru.
    75 | D        | Found a deep blue altar of Sif Muna.
    76 | D        | Found a bloodstained altar of Trog.
    77 | D        | Found a hide-covered altar of Uskayaw.
    78 | D        | Became a worshipper of Makhleb the Destroyer
    79 | D        | Found a radiant altar of Vehumet.
    80 | D        | Found an ornate altar of the Wu Jian Council.
    81 | D        | Found a shimmering altar of Xom.
    82 | D        | Found a basalt altar of Yredelemnul.
    83 | D        | Found a glowing silver altar of Zin.
    84 | D        | Found a glowing golden altar of the Shining One.
   235 | D        | Noticed an orc warrior
   239 | D        | Reached * piety under Makhleb
   249 | D        | Reached skill level 9 in Long Blades
   282 | D        | Killed an orc warrior
   282 | D        | Reached skill level 10 in Long Blades
   282 | D        | Reached XP level 5. HP: 31/38 MP: 1/8
   288 | D        | Reached ** piety under Makhleb
   288 | D        | Reached skill level 5 in Invocations
   309 | D        | Noticed a centaur warrior
   309 | D        | Noticed an orc warrior
   309 | D        | Noticed a cyclops
   309 | D        | Noticed a tengu warrior
   309 | D        | Noticed a deep elf mage
   326 | D        | Killed a deep elf mage
   326 | D        | Reached skill level 11 in Long Blades
   326 | D        | Reached XP level 6. HP: 44/44 MP: 4/12
   326 | D        | Gained mutation: You have large cloven feet. [demonic ancestry]
   326 | D        | Reached XP level 7. HP: 50/50 MP: 4/13
   327 | D        | Reached skill level 12 in Long Blades
   330 | D        | Killed a tengu warrior
   336 | D        | Killed a cyclops
   345 | D        | Shot with an arrow by a centaur warrior

Vault maps used:
D:        linesprint

Skill      XL: |  1  2  3  4  5  6  7 |
---------------+----------------------+-----
Long Blades    | 7 8 10 11 12 | 12.8
Dodging        | 4 6 7 |  7.6
Invocations    | 4 8 |  8.5
Fighting       | |  2.0
Throwing       | |  1.7

Action                   |  1- 3 |  4- 6 |  7- 9 || total
-------------------------+-------+-------+-------++-------
Melee: Long sword        |    22 |    58 |     9 ||    89
       Kick              |       |       |     7 ||     7
Evoke: Wand              |       |       |     3 ||     3
  Use: Potion            |     1 |     5 |     2 ||     8
 Stab: Invisible         |       |     5 |       ||     5
Armor: Leather armour    |     7 |       |       ||     7
       Chain mail        |       |    30 |     4 ||    34
Dodge: Dodged            |    14 |    31 |     5 ||    50
       Rpst.: Long sword |     4 |     6 |     3 ||    13

Table legend:
 A = Spawn XP
 B = Non-spawn XP
 C = Spawn XP percentage of total XP
 D = Spawn monster count
 E = Non-spawn monster count
 F = Spawn count percentage of total count
 G = Total turns spent on level
                    A         B        C        D         E        F      G
               +---------+---------+-------+---------+---------+-------+---------
         Total |       0 |    1379 |   0.0 |       0 |      21 |   0.0 |   345
               +---------+---------+-------+---------+---------+-------+---------
             D |       0 |    1379 |   0.0 |       0 |      21 |   0.0 |   345
               +---------+---------+-------+---------+---------+-------+---------
